| TOP OF THE 1ST |
|
University of Nebraska Cornhuskers batting - Pitching for University of Virginia Cavaliers : RHP Arturo Vargas
|
|
Pitching: RHP Arturo Vargas
|
|
|
Batting: RHB Danny Forbes
|
0-0: Swinging Strike 0-1: Called Strike 0-2: Ground out 6-3 (Groundball, 6, EV 82.5 MPH)
|
|
Batting: RHB Mario Lopec
|
0-0: Called Strike 0-1: Foul Ball, location: 2F 0-2: Ball 1-2: Ball 2-2: Fly out, F9 (Flyball, 9D, EV 86.9 MPH)
|
|
Batting: RHB Zion Jones
|
0-0: Ball 1-0: Ball 2-0: Foul Ball, location: 2F 2-1: SOLO HOME RUN (Flyball, 9LD, EV 95.0 MPH), Distance : 333 ft
|
|
Batting: LHB Jose Gonzalez
|
0-0: Ball 1-0: Ball 2-0: Called Strike 2-1: Foul Ball, location: 2F 2-2: Strikes out swinging
|
| Top of the 1st over - 1 run, 1 hit, 0 errors, 0 left on base; University of Nebraska 1 - University of Virginia 0 |
| BOTTOM OF THE 1ST |
|
University of Virginia Cavaliers batting - Pitching for University of Nebraska Cornhuskers : RHP Reshid Menderes
|
|
Pitching: RHP Reshid Menderes
|
|
|
Batting: RHB Luke Bertrand
|
0-0: Ground out 5-3 (Groundball, 56S, EV 85.0 MPH)
|
|
Batting: LHB Edelberto Barbas
|
0-0: Called Strike 0-1: Single, Error in OF, E9, batter to second base (Line Drive, 89S, EV 86.2 MPH)
|
|
Batting: LHB Alex Aguilar
|
0-0: Called Strike 0-1: Ball 1-1: Ground out U3 (Groundball, 34, EV 78.8 MPH) Edelberto Barbas to third
|
|
Batting: RHB Pedro Lopez
|
0-0: Ball 1-0: Ball 2-0: Called Strike 2-1: Foul Ball, location: 2F 2-2: Ball 3-2: Fly out, F7 (Flyball, 7LS, EV 98.1 MPH)
|
| Bottom of the 1st over - 0 runs, 1 hit, 1 error, 1 left on base; University of Nebraska 1 - University of Virginia 0 |
| TOP OF THE 2ND |
|
University of Nebraska Cornhuskers batting - Pitching for University of Virginia Cavaliers : RHP Arturo Vargas
|
|
Batting: RHB Chris Anthony
|
0-0: Ball 1-0: Ground out 6-3 (Groundball, 6, EV 109.4 MPH)
|
|
Batting: LHB Bob Appleby
|
0-0: Ground out 4-3 (Groundball, 4, EV 106.2 MPH)
|
|
Batting: RHB Matt Peters
|
0-0: Called Strike 0-1: Foul Ball, location: 2F 0-2: Ball 1-2: Ground out 5-3 (Groundball, 56, EV 98.1 MPH)
|
| Top of the 2nd over - 0 runs, 0 hits, 0 errors, 0 left on base; University of Nebraska 1 - University of Virginia 0 |
| BOTTOM OF THE 2ND |
|
University of Virginia Cavaliers batting - Pitching for University of Nebraska Cornhuskers : RHP Reshid Menderes
|
|
Batting: RHB Mike Llamas
|
0-0: Foul Ball, location: 2F 0-1: Foul Ball, location: 2F 0-2: Ball 1-2: SINGLE (Groundball, 56, EV 111.2 MPH)
|
|
Batting: RHB Jose Velez
|
0-0: Ball 1-0: Called Strike 1-1: Ball 2-1: Grounds into double play, 4-6-3 (Groundball, 34, EV 102.5 MPH)
|
|
Batting: LHB Josh Glass
|
0-0: Foul Ball, location: 2F 0-1: Called Strike 0-2: Strikes out swinging
|
| Bottom of the 2nd over - 0 runs, 1 hit, 0 errors, 0 left on base; University of Nebraska 1 - University of Virginia 0 |
| TOP OF THE 3RD |
|
University of Nebraska Cornhuskers batting - Pitching for University of Virginia Cavaliers : RHP Arturo Vargas
|
|
Batting: LHB Mike Rawson
|
0-0: Called Strike 0-1: Ball 1-1: Foul Ball, location: 2F 1-2: Strikes out swinging
|
|
Batting: RHB Tariq Garane
|
0-0: Ball 1-0: Foul Ball, location: 2F 1-1: Ball 2-1: Ball 3-1: Foul Ball, location: 2F 3-2: Strikes out swinging
|
|
Batting: RHB Danny Forbes
|
0-0: Called Strike 0-1: Called Strike 0-2: Ball 1-2: Fly out, F7 (Flyball, 7, EV 81.2 MPH)
|
| Top of the 3rd over - 0 runs, 0 hits, 0 errors, 0 left on base; University of Nebraska 1 - University of Virginia 0 |
| BOTTOM OF THE 3RD |
|
University of Virginia Cavaliers batting - Pitching for University of Nebraska Cornhuskers : RHP Reshid Menderes
|
|
Batting: RHB Scott Anderson
|
0-0: SOLO HOME RUN (Flyball, 7D, EV 100.6 MPH), Distance : 384 ft
|
|
Batting: RHB Nick Cech
|
0-0: Called Strike 0-1: Swinging Strike 0-2: Foul Ball, location: 2F 0-2: Ball 1-2: Ball 2-2: Ball 3-2: Foul Ball, location: 2F 3-2: Fly out, F9 (Flyball, 9, EV 85.0 MPH)
|
|
Batting: RHB Luke Bertrand
|
0-0: Foul Ball, location: 2F 0-1: Foul Ball, location: 2F 0-2: Ball 1-2: Fly out, F8 (Line Drive, 8LM, EV 98.1 MPH)
|
|
Batting: LHB Edelberto Barbas
|
0-0: Foul Ball, location: 2F 0-1: Fly out, F8 (Flyball, 89D, EV 91.9 MPH)
|
| Bottom of the 3rd over - 1 run, 1 hit, 0 errors, 0 left on base; University of Nebraska 1 - University of Virginia 1 |
| TOP OF THE 4TH |
|
University of Nebraska Cornhuskers batting - Pitching for University of Virginia Cavaliers : RHP Arturo Vargas
|
|
Batting: RHB Mario Lopec
|
0-0: Ground out 5-3 (Groundball, 56, EV 92.5 MPH)
|
|
Batting: RHB Zion Jones
|
0-0: Ball 1-0: Called Strike 1-1: Foul Ball, location: 2F 1-2: Ball 2-2: Ground out U3 (Groundball, 3, EV 98.8 MPH)
|
|
Batting: LHB Jose Gonzalez
|
0-0: Ball 1-0: Called Strike 1-1: Ball 2-1: Called Strike 2-2: Strikes out swinging
|
| Top of the 4th over - 0 runs, 0 hits, 0 errors, 0 left on base; University of Nebraska 1 - University of Virginia 1 |
| BOTTOM OF THE 4TH |
|
University of Virginia Cavaliers batting - Pitching for University of Nebraska Cornhuskers : RHP Reshid Menderes
|
|
Batting: LHB Alex Aguilar
|
0-0: Called Strike 0-1: Ball 1-1: Ball 2-1: Fly out, F8 (Flyball, 8LD, EV 107.5 MPH)
|
|
Batting: RHB Pedro Lopez
|
0-0: Ball 1-0: Ball 2-0: Ball 3-0: Called Strike 3-1: Foul Ball, location: 2F 3-2: Fly out, F8 (Line Drive, 8LM, EV 91.9 MPH)
|
|
Batting: RHB Mike Llamas
|
0-0: Ball 1-0: Swinging Strike 1-1: Ball 2-1: Swinging Strike 2-2: Strikes out swinging
|
| Bottom of the 4th over - 0 runs, 0 hits, 0 errors, 0 left on base; University of Nebraska 1 - University of Virginia 1 |
| TOP OF THE 5TH |
|
University of Nebraska Cornhuskers batting - Pitching for University of Virginia Cavaliers : RHP Arturo Vargas
|
|
Batting: RHB Chris Anthony
|
0-0: Foul Ball, location: 2F 0-1: Swinging Strike 0-2: Foul Ball, location: 2F 0-2: Ball 1-2: Ball 2-2: Hit by Pitch
|
|
Batting: LHB Bob Appleby
|
0-0: Ball Wild Pitch! Chris Anthony to second 1-0: Ball 2-0: Called Strike 2-1: DOUBLE (Line Drive, 78M, EV 109.4 MPH) Chris Anthony scores
|
|
Batting: RHB Matt Peters
|
0-0: Ball 1-0: Ground out 6-3 (Groundball, 6, EV 96.2 MPH)
|
|
Batting: LHB Mike Rawson
|
0-0: Ball 1-0: SINGLE (Groundball, 34D, EV 103.8 MPH) Bob Appleby to third Runner from 3rd tries for Home, SAFE, throw by RF to home
|
|
Batting: RHB Tariq Garane
|
0-0: Swinging Strike Mike Rawson is caught stealing 2nd base 2-4 0-1: Swinging Strike 0-2: Strikes out swinging
|
| Top of the 5th over - 2 runs, 2 hits, 0 errors, 0 left on base; University of Nebraska 3 - University of Virginia 1 |
| BOTTOM OF THE 5TH |
|
University of Virginia Cavaliers batting - Pitching for University of Nebraska Cornhuskers : RHP Reshid Menderes
|
|
Batting: RHB Jose Velez
|
0-0: Ball 1-0: Fly out, F8 (Flyball, 8RS, EV 70.0 MPH)
|
|
Batting: LHB Josh Glass
|
0-0: Called Strike 0-1: Swinging Strike 0-2: Strikes out swinging
|
|
Batting: RHB Scott Anderson
|
0-0: Called Strike 0-1: Foul Ball, location: 2F 0-2: Ball 1-2: Foul Ball, location: 2F 1-2: Strikes out swinging
|
| Bottom of the 5th over - 0 runs, 0 hits, 0 errors, 0 left on base; University of Nebraska 3 - University of Virginia 1 |
| TOP OF THE 6TH |
|
University of Nebraska Cornhuskers batting - Pitching for University of Virginia Cavaliers : RHP Arturo Vargas
|
|
Batting: RHB Danny Forbes
|
0-0: Ball 1-0: Called Strike 1-1: SINGLE (Line Drive, 3D, EV 98.8 MPH)
|
|
Batting: RHB Mario Lopec
|
0-0: DOUBLE (Line Drive, 78D, EV 102.5 MPH) Danny Forbes to third
|
|
Batting: RHB Zion Jones
|
0-0: Ground out 4-3 (Groundball, 4, EV 100.0 MPH) Danny Forbes scores Mario Lopec to third
|
|
Batting: LHB Jose Gonzalez
|
0-0: Called Strike 0-1: Ground out 4-3 (Groundball, 4, EV 77.5 MPH) Mario Lopec scores
|
|
Pitching: RHP Tzu-jao Chen
|
|
|
Batting: RHB Chris Anthony
|
0-0: Ball 1-0: Foul Ball, location: 2F 1-1: Called Strike 1-2: Ground out 4-3 (Groundball, 4, EV 85.0 MPH)
|
| Top of the 6th over - 2 runs, 2 hits, 0 errors, 0 left on base; University of Nebraska 5 - University of Virginia 1 |
| BOTTOM OF THE 6TH |
|
University of Virginia Cavaliers batting - Pitching for University of Nebraska Cornhuskers : RHP Reshid Menderes
|
|
Batting: RHB Nick Cech
|
0-0: Ball 1-0: Foul Ball, location: 2F 1-1: Foul Ball, location: 2F 1-2: Ball 2-2: Strikes out swinging
|
|
Batting: RHB Luke Bertrand
|
0-0: Swinging Strike 0-1: Ball 1-1: SINGLE (Groundball, 4M, EV 108.8 MPH) (infield hit)
|
|
Batting: LHB Edelberto Barbas
|
0-0: Ball Luke Bertrand steals 2nd base 1-0: Called Strike 1-1: Ball 2-1: Ground out 6-3 (Groundball, 6, EV 78.8 MPH) Luke Bertrand to third
|
|
Pitching: RHP Bill Norman
|
|
|
Batting: LHB Alex Aguilar
|
0-0: Swinging Strike 0-1: Ground out U3 (Groundball, 3, EV 93.1 MPH)
|
| Bottom of the 6th over - 0 runs, 1 hit, 0 errors, 1 left on base; University of Nebraska 5 - University of Virginia 1 |
| TOP OF THE 7TH |
|
University of Nebraska Cornhuskers batting - Pitching for University of Virginia Cavaliers : RHP Tzu-jao Chen
|
|
Batting: LHB Bob Appleby
|
0-0: Ball 1-0: Called Strike 1-1: Foul Ball, location: 2F 1-2: SINGLE (Groundball, 6MD, EV 93.8 MPH)
|
|
Batting: RHB Matt Peters
|
0-0: Called Strike 0-1: Called Strike Bob Appleby is caught stealing 2nd base 2-4 0-2: Foul Ball, location: 2F 0-2: Ball 1-2: Ball 2-2: Hit by Pitch
|
|
Batting: LHB Mike Rawson
|
0-0: Called Strike 0-1: Ball 1-1: Ball 2-1: Ball 3-1: Foul Ball, location: 2F 3-2: SINGLE (Groundball, P, EV 92.5 MPH) (infield hit) Matt Peters to second
|
|
Batting: RHB Tariq Garane
|
0-0: Ball 1-0: Called Strike 1-1: Ball 2-1: Called Strike 2-2: Fly out, F4 (Popup, 13, EV 82.5 MPH)
|
|
Batting: RHB Danny Forbes
|
0-0: Called Strike 0-1: Ball 1-1: Ball 2-1: SINGLE (Line Drive, 8RS, EV 98.8 MPH) Matt Peters to third Mike Rawson to second Runner from 3rd tries for Home, SAFE, throw by CF to home
|
|
Batting: RHB Mario Lopec
|
0-0: Called Strike 0-1: Foul Ball, location: 2F 0-2: SINGLE (Line Drive, 7S, EV 103.1 MPH) Mike Rawson to third Danny Forbes to second Runner from 3rd tries for Home, SAFE, throw by LF to home
|
|
Batting: RHB Zion Jones
|
0-0: Called Strike 0-1: Foul Ball, location: 2F 0-2: Ground out 3-1 (Groundball, 34, EV 88.8 MPH)
|
| Top of the 7th over - 2 runs, 4 hits, 0 errors, 2 left on base; University of Nebraska 7 - University of Virginia 1 |
| BOTTOM OF THE 7TH |
|
University of Virginia Cavaliers batting - Pitching for University of Nebraska Cornhuskers : RHP Bill Norman
|
|
Batting: RHB Pedro Lopez
|
0-0: Called Strike 0-1: Ball 1-1: Fly out, F7 (Flyball, 78D, EV 98.1 MPH)
|
|
Batting: RHB Mike Llamas
|
0-0: Ball 1-0: Ball 2-0: Ball 3-0: Called Strike 3-1: Base on Balls
|
|
Batting: RHB Jose Velez
|
0-0: Ball 1-0: Grounds into double play, 5-4-3 (Groundball, 56, EV 86.2 MPH)
|
| Bottom of the 7th over - 0 runs, 0 hits, 0 errors, 0 left on base; University of Nebraska 7 - University of Virginia 1 |
| TOP OF THE 8TH |
|
University of Nebraska Cornhuskers batting - Pitching for University of Virginia Cavaliers : RHP Tzu-jao Chen
|
|
Batting: LHB Jose Gonzalez
|
0-0: Called Strike 0-1: Ball 1-1: Ball 2-1: Ball 3-1: Base on Balls
|
|
Pitching: RHP Jonathan Bolton
|
|
|
Batting: RHB Chris Anthony
|
0-0: Swinging Strike 0-1: Ball 1-1: Foul Ball, location: 2F 1-2: Foul Ball, location: 2F 1-2: Strikes out looking
|
|
Batting: LHB Bob Appleby
|
0-0: Called Strike 0-1: Foul Ball, location: 2F 0-2: Ball 1-2: Ball 2-2: Ball 3-2: Ground out 5-3 (Groundball, 5L, EV 101.9 MPH) Jose Gonzalez to second
|
|
Batting: RHB Matt Peters
|
0-0: Ball 1-0: Called Strike 1-1: Called Strike 1-2: Strikes out looking
|
| Top of the 8th over - 0 runs, 0 hits, 0 errors, 1 left on base; University of Nebraska 7 - University of Virginia 1 |
| BOTTOM OF THE 8TH |
|
University of Virginia Cavaliers batting - Pitching for University of Nebraska Cornhuskers : RHP Bill Norman
|
|
Batting: LHB Josh Glass
|
0-0: Ball 1-0: Foul Ball, location: 2F 1-1: Called Strike 1-2: Strikes out swinging
|
|
Batting: LHB Ray Nichter
|
0-0: Swinging Strike 0-1: Called Strike 0-2: Foul Ball, location: 2F 0-2: Ground out 5-3 (Groundball, 15, EV 83.1 MPH)
|
|
Batting: RHB Nick Cech
|
0-0: Foul Ball, location: 2F 0-1: SINGLE (Flyball, 4D, EV 91.9 MPH)
|
|
Batting: RHB Luke Bertrand
|
0-0: Called Strike 0-1: Fielders Choice at 2nd, 5-4 (Groundball, 56, EV 85.6 MPH)
|
| Bottom of the 8th over - 0 runs, 1 hit, 0 errors, 1 left on base; University of Nebraska 7 - University of Virginia 1 |
| TOP OF THE 9TH |
|
University of Nebraska Cornhuskers batting - Pitching for University of Virginia Cavaliers : RHP Jonathan Bolton
|
|
Batting: LHB Mike Rawson
|
0-0: Called Strike 0-1: Foul Ball, location: 2F 0-2: Fly out, F7 (Line Drive, 78D, EV 102.5 MPH)
|
|
Pitching: RHP Joe Miller
|
|
|
Batting: RHB Tariq Garane
|
0-0: Ball 1-0: Foul Ball, location: 2F 1-1: Foul Ball, location: 2F 1-2: Ball 2-2: Ball 3-2: Strikes out swinging
|
|
Batting: RHB Danny Forbes
|
0-0: Fly out, F9 (Flyball, 9, EV 81.9 MPH)
|
| Top of the 9th over - 0 runs, 0 hits, 0 errors, 0 left on base; University of Nebraska 7 - University of Virginia 1 |
| BOTTOM OF THE 9TH |
|
University of Virginia Cavaliers batting - Pitching for University of Nebraska Cornhuskers : RHP Bill Norman
|
|
Batting: LHB Edelberto Barbas
|
0-0: Ball 1-0: Foul Ball, location: 2F 1-1: Ball 2-1: Ball 3-1: Called Strike 3-2: Foul Ball, location: 2F 3-2: Foul Ball, location: 2F 3-2: Base on Balls
|
|
Batting: LHB Alex Aguilar
|
0-0: SINGLE (Groundball, 4D, EV 95.0 MPH) Edelberto Barbas to second
|
|
Batting: RHB Pedro Lopez
|
0-0: Foul Ball, location: 2F 0-1: Ball 1-1: Foul Ball, location: 2F 1-2: Ball 2-2: DOUBLE (Line Drive, 8RXD, EV 101.9 MPH) Edelberto Barbas scores Alex Aguilar to third
|
|
Batting: RHB Mike Llamas
|
0-0: Ball 1-0: SINGLE (Line Drive, 5D, EV 100.0 MPH) Alex Aguilar scores Pedro Lopez to third
|
|
Pitching: RHP Jorge Morales
|
|
|
Batting: RHB Jose Velez
|
0-0: Swinging Strike 0-1: Foul Ball, location: 2F 0-2: SINGLE (Groundball, 56D, EV 106.9 MPH) Pedro Lopez scores Mike Llamas to second
|
|
Batting: LHB Josh Glass
|
0-0: Ball 1-0: Called Strike 1-1: Foul Ball, location: 2F 1-2: Fielders Choice at 2nd, 4-6 (Groundball, 4, EV 85.6 MPH) Mike Llamas to third
|
|
Batting: LHB Ray Nichter
|
0-0: Called Strike 0-1: Ball Wild Pitch! Mike Llamas scores Josh Glass to second 1-1: Ball 2-1: Ball 3-1: Base on Balls
|
|
Pinch Hitting: SHB Mink Hendriks
|
0-0: Foul Ball, location: 2F 0-1: Called Strike 0-2: Ball 1-2: Ball 2-2: Fielders Choice at 2nd, 3-6 (Groundball, 3, EV 79.4 MPH) Josh Glass to third
|
|
Pinch Hitting: LHB Jason Chase
|
0-0: Called Strike 0-1: Swinging Strike 0-2: Strikes out swinging
|
| Bottom of the 9th over - 4 runs, 4 hits, 0 errors, 2 left on base; University of Nebraska 7 - University of Virginia 5 |
|